Map: King of Braxis Station

Players

MrFercho - Winner!

  • Race: Zerg Zerg
  • Spawn Location: 3:00

tigro

  • Race: Terran Terran
  • Spawn Location: 12:00

angielito

  • Race: Terran Terran
  • Spawn Location: 1:00

Angelarion

  • Race: Terran Terran
  • Spawn Location: 5:00

IA (Difícil)

  • Race: Protoss Protoss
  • Spawn Location: 11:00

IA (Difícil)

  • Race: Protoss Protoss
  • Spawn Location: 7:00

VOD

Have the link to the VOD?

Description

Time

  • Played on: March 31, 2020, 10:18 p.m.
  • Length: 41:35
Show
View Real Time Build Order
Export as new Build Order

MrFercho Zerg - Winner!

Build Orders: Hatch First 

Get SALT Encoding   

  12  0:04  Drone  
  13  0:12  Overlord  
  13  0:18  Drone  
  14  0:31  Drone  
  15  0:38  Drone  
  16  0:47  Extractor  
  15  0:59  Hatchery  
  15  1:03  Drone x2  
  15  1:04  Drone  
  17  1:19  Drone  
  18  1:29  Spawning Pool  
  18  1:30  Drone  
  18  1:48  Hatchery  
  17  1:59  Drone x3  
  20  2:14  Overlord  
  20  2:15  Overlord  
  20  2:37  Drone x4  
  24  2:50  Hatchery  
  23  2:54  Overlord  
  23  2:55  Overlord  
  23  3:05  Drone  
  24  3:16  Drone  
  25  3:44  Hatchery  
  24  3:48  Hatchery  
  23  3:57  Drone x2  
  23  3:58  Drone  
  26  4:13  Lair  
  26  4:17  Metabolic Boost  
  26  4:28  Extractor  
  25  4:37  Drone x2  
  25  4:38  Drone x4  
  31  4:39  Drone x6  
  37  4:52  Hatchery  
  36  5:01  Roach Warren  
  35  5:15  Queen x2  
  35  5:16  Queen x2  
  43  5:30  Drone x3  
  46  5:52  Zergling x2  
  46  5:53  Zergling x20  
  46  5:54  Roach  
  46  5:55  Roach x2  
  63  6:15  Drone x3  
  63  6:16  Drone x6  
  72  6:29  Baneling Nest  
  72  6:31  Infestation Pit  
  70  6:35  Spire  
  69  6:52  Drone  
  69  6:53  Drone x2  
  72  7:37  Evolution Chamber x2  
  72  7:38  Evolution Chamber  
  69  7:50  Hatchery  
  68  7:52  Hatchery x2  
  68  7:57  Hatchery  
  65  8:20  Spine Crawler  
  65  8:24  Zerg Melee Weapons Level 1, Zerg Missile Weapons Level 1  
  64  8:50  Extractor  
  64  8:51  Extractor  
  62  8:57  Hatchery  
  61  9:30  Spore Crawler  
  60  9:31  Spore Crawler  
  60  9:32  Drone x8, Spore Crawler  
  60  9:33  Drone x16, Spore Crawler  
  60  9:36  Spore Crawler  
  80  10:31  Drone  
  80  10:32  Drone x5  
  86  10:53  Ravager x3  
  89  10:57  Hive  
  89  11:14  Spire  
  89  11:15  Spire  
  87  11:19  Zerg Missile Weapons Level 2, Zerg Ground Armor Level 1, Zerg Melee Weapons Level 2  
  87  11:24  Glial Reconstitution  
  87  11:46  Centrifical Hooks  
  87  12:04  Drone x6  
  93  12:09  Overlord x5  
  93  12:10  Overlord x5  
  93  12:11  Overlord x2  
  93  12:16  Overseer  
  93  12:17  Overseer  
  93  12:18  Overseer  
  93  12:30  Greater Spire  
  93  12:32  Zerg Flyer Weapons Level 1  
  93  12:33  Zerg Flyer Armor Level 1  
  93  12:43  Tunneling Claws  
  93  12:50  Mutalisk  
  95  12:53  Zergling x6  
  95  12:54  Zergling x6  
  95  12:56  Roach  
  95  12:57  Roach x2  
  109  12:58  Roach x2  
  109  12:59  Roach  
  109  13:00  Roach  
  109  13:01  Roach  
  117  13:56  Hatchery  
  117  13:57  Hatchery  
  117  14:01  Hatchery  
  114  14:09  Unknown  
  113  14:14  Hydralisk Den  
  113  14:16  Unknown  
  111  14:17  Hydralisk Den, Unknown  
  111  14:19  Ultralisk Cavern  
  111  14:20  Unknown  
  111  14:22  Ultralisk Cavern  
  106  14:28  Adrenal Glands  
  106  14:34  Nydus Network  
  94  15:01  Hydralisk x4  
  94  15:02  Hydralisk x3  
  99  15:25  Burrow, Pneumatized Carapace  
  99  15:52  Spore Crawler x2  
  99  15:55  Spore Crawler  
  96  15:57  Spore Crawler  
  96  15:59  Spore Crawler  
  94  16:13  Zerg Flyer Weapons Level 2, Zerg Flyer Armor Level 2  
  94  16:33  Ravager x4  
  94  16:34  Ravager  
  99  17:27  Grooved Spines  
  99  17:28  Muscular Augments  
  99  17:38  Zerg Melee Weapons Level 3  
  99  17:45  Lurker Den  
  99  17:46  Lurker Den  
  97  17:55  Drone x19  
  97  17:56  Drone x4  
  120  18:13  Nydus Canal  
  120  19:09  Nydus Canal  
  118  20:25  Hatchery  
  118  20:26  Hatchery  
  99  20:31  Extractor  
  99  20:32  Extractor  
  82  20:49  Corruptor x2  
  82  20:50  Corruptor x7  
  82  20:51  Corruptor x2  
  82  20:52  Ultralisk x2, Mutalisk x4  
  82  20:53  Mutalisk  
  126  20:57  Overlord  
  126  20:58  Zergling x2  
  126  20:59  Zergling x28  
  126  21:00  Zergling x30  
  132  21:58  Zerg Flyer Weapons Level 3  
  132  21:59  Zerg Flyer Armor Level 3  
  132  22:06  Zerg Ground Armor Level 2  
  132  22:24  Drone x3  
  135  23:05  Hydralisk x3  
  135  23:06  Hydralisk x4  
  135  23:08  Hydralisk x4  
  157  23:51  Lurker  
  157  23:52  Lurker x5  
  157  23:53  Lurker  
  164  24:12  Overseer x3  
  164  24:13  Overseer  
  164  24:30  Drone x3  
  155  25:11  Overseer  
  155  25:37  Spore Crawler  
  155  25:40  Spore Crawler  
  153  25:43  Spine Crawler x2, Spore Crawler  
  153  25:46  Spine Crawler  
  153  25:48  Spine Crawler  
  148  25:57  Nydus Network  
  148  25:58  Zerg Missile Weapons Level 3  
  148  25:59  Zerg Ground Armor Level 3  
  148  26:01  Adaptive Talons  
  148  26:02  Seismic Spines  
  147  26:05  Chitinous Plating  
  147  26:06  Anabolic Synthesis  
  147  26:51  Mutalisk x4  
  157  26:54  Roach x3  
  157  26:55  Zergling x2, Roach  
  157  26:56  Zergling x4, Hydralisk x4  
  157  26:58  Hydralisk x2  
  157  26:59  Hydralisk x2  
  157  27:00  Roach x2  
  157  27:01  Roach x4  
  194  27:02  Zergling x2  
  194  27:03  Zergling x4  
  194  27:06  Zergling x2, Hydralisk  
  194  27:07  Hydralisk x3  
  166  27:45  Ravager x5  
  167  28:55  Hydralisk  
  167  28:56  Hydralisk x6  
  167  28:57  Hydralisk x4  
  167  28:59  Ultralisk  
  195  29:10  Nydus Canal  
  195  29:41  Nydus Canal  
  173  30:29  Nydus Canal  
  171  32:06  Overseer  
  171  32:07  Corruptor x2  
  171  32:08  Corruptor  
  175  32:09  Roach x4  
  175  32:10  Hydralisk x5, Roach x2  
  199  34:18  Nydus Canal  
  199  34:33  Overseer  
  179  35:10  Brood Lord x2  
  179  35:11  Brood Lord x4  
  179  35:12  Brood Lord  
  193  35:18  Overseer  
  193  36:01  Nydus Canal  
  169  37:04  Zergling x2  
  169  37:05  Zergling x42  
  169  37:06  Zergling x22  
  184  38:05  Hydralisk  
  178  38:06  Hydralisk x9  
  194  39:02  Lurker  
  195  39:26  Nydus Canal  
Show
View Real Time Build Order
Export as new Build Order

tigro Terran 

Build Orders:  

Get SALT Encoding   

  12  0:03  SCV  
  13  0:20  Supply Depot  
  13  0:27  Refinery  
  13  0:28  SCV  
  14  0:38  Refinery  
  14  0:40  SCV  
  15  0:52  SCV  
  16  1:01  Barracks  
  16  1:15  SCV  
  17  1:27  SCV  
  18  1:39  SCV  
  19  1:48  Marine  
  19  1:51  SCV  
  21  1:58  Barracks  
  21  2:06  Marine  
  22  2:12  Orbital Command  
  22  2:14  Supply Depot  
  22  2:23  Marine  
  23  2:41  Marine  
  24  2:48  Engineering Bay  
  24  2:49  Factory  
  24  2:55  Barracks Tech Lab  
  24  2:59  Marine  
  25  3:15  Combat Shield  
  25  3:22  Barracks Tech Lab  
  25  3:35  Factory  
  25  3:38  Marauder  
  27  3:52  Armory  
  27  3:55  Factory Tech Lab  
  27  4:00  Marauder  
  29  4:21  Terran Infantry Weapons Level 1  
  29  4:34  Stimpack, Marine  
  30  4:45  Factory Tech Lab  
  30  4:52  Marine  
  31  5:29  Missile Turret  
  31  5:30  Starport  
  31  5:37  Terran Vehicle Weapons Level 1  
  31  5:57  Missile Turret  
  31  6:09  Medivac  
  33  6:14  Concussive Shells  
  33  6:15  Terran Infantry Armor Level 1  
  33  6:17  Starport  
  33  6:20  Supply Depot  
  33  6:29  Siege Tank  
  37  6:41  Marine  
  37  6:43  Marine  
  38  6:49  Starport Tech Lab  
  38  6:59  Marine  
  39  7:01  Marine  
  39  7:05  Fusion Core  
  40  7:17  Marine  
  40  7:19  Marine  
  42  7:26  Infernal Pre-Igniter  
  42  7:32  Starport Tech Lab  
  30  8:09  Neosteel Armor  
  30  8:10  Marine  
  25  8:13  Marine  
  22  8:28  Marine  
  22  8:31  Marine  
  23  8:46  Marine  
  23  8:48  Marine  
  22  9:03  Marine  
  22  9:06  Marine  
  20  9:21  Marine  
  20  9:24  Marine  
  21  9:33  Missile Turret  
  19  9:39  Marine  
  19  9:42  Marine  
  19  9:49  Hi-Sec Auto Tracking  
  18  9:57  Marine  
  19  10:00  Marine  
  20  10:15  Marine  
  20  10:16  Medivac  
  20  10:17  Marine  
  20  10:19  Missile Turret  
  24  10:25  Siege Tank  
  24  10:27  Thor  
  33  10:29  Terran Vehicle Weapons Level 2  
  33  10:33  Marine  
  34  10:35  Marine  
  35  10:48  Medivac  
  35  10:49  Missile Turret  
  37  10:50  Marine  
  37  10:53  Marine  
  39  11:08  Marine  
  40  11:11  Marauder  
  42  11:26  Marine, Missile Turret  
  43  11:33  Marauder  
  43  11:44  Marauder  
  36  12:10  Siege Tank  
  39  12:31  Marine  
  40  12:46  Terran Vehicle And Ship Armor Level 1  
  40  12:49  Marine  
  41  13:05  Command Center  
  41  13:07  Marine  
  42  13:25  Marine  
  43  13:28  Banshee  
  43  13:32  Missile Turret  
  46  13:43  Marine  
  47  14:23  Factory  
  47  14:28  SCV  
  48  14:36  Marine  
  49  14:40  SCV  
  50  14:50  Missile Turret  
  50  14:52  SCV  
  51  14:54  Marine  
  51  14:57  Refinery  
  52  15:01  Refinery  
  52  15:04  SCV  
  53  15:12  Marine  
  54  15:16  SCV  
  55  15:29  Marine  
  44  15:47  Marine x2  
  27  15:50  Thor  
  30  16:02  Viking  
  31  16:05  Marine x2  
  31  16:19  Viking  
  31  16:23  Marine x2  
  23  16:41  Marine x2  
  10  17:50  Factory Tech Lab  
  10  17:59  Missile Turret  
  10  18:44  Siege Tank  
  13  18:50  Engineering Bay  
  13  19:21  Barracks  
  13  20:09  Orbital Command  
  13  20:11  Barracks, Marine  
  14  20:15  Siege Tank  
  17  20:29  Marine  
  18  20:47  Marine  
  19  21:05  Marine  
  20  21:12  Barracks Tech Lab  
  20  21:17  Armory  
  20  21:23  Marine  
  21  21:40  Marine  
  22  21:58  Marine  
  23  22:07  Starport  
  23  22:17  Barracks Tech Lab  
  23  22:25  Terran Infantry Weapons Level 2  
  23  22:56  Supply Depot  
  23  23:18  Marauder  
  25  23:46  Supply Depot  
  25  23:47  SCV  
  26  23:58  Medivac  
  28  24:30  Starport Tech Lab  
  28  24:41  Terran Infantry Armor Level 2  
  28  24:50  Missile Turret  
  28  25:01  SCV  
  29  25:13  SCV  
  30  25:26  SCV  
  31  25:38  SCV  
  31  25:39  Fusion Core  
  32  26:31  Terran Vehicle Weapons Level 3  
  32  26:49  Missile Turret  
  32  26:57  Terran Infantry Weapons Level 3  
  32  27:05  Marine  
  33  27:28  Missile Turret  
  33  27:40  SCV  
  34  27:49  Weapon Refit  
  34  28:57  Marauder  
  34  28:58  Supply Depot  
  36  29:03  Battlecruiser  
  36  29:08  Terran Ship Weapons Level 1  
  42  29:28  Advanced Ballistics  
  42  29:32  Missile Turret  
  42  29:34  Terran Infantry Armor Level 3  
  42  29:40  Marauder  
  42  29:43  Thor  
  50  30:08  Missile Turret  
  50  30:28  Corvid Reactor  
  50  30:55  Rapid Reignition System  
  50  31:02  Terran Vehicle And Ship Armor Level 2  
  50  31:11  Missile Turret  
  50  31:12  Siege Tank  
  53  31:46  Cloaking Field  
  53  32:11  Mag-Field Accelerator  
  53  32:21  Command Center  
  53  32:30  Marine  
  54  32:48  Marine  
  55  33:05  Hyperflight Rotors  
  55  33:06  Thor, Marine  
  62  33:18  SCV  
  63  33:23  Marine  
  64  33:27  Viking  
  66  33:41  Marine, Planetary Fortress  
  66  33:44  Supply Depot  
  67  33:51  Drilling Claws  
  67  34:08  Battlecruiser  
  73  34:18  Missile Turret  
  72  35:09  Smart Servos  
  72  35:12  Missile Turret  
  72  35:22  SCV  
  73  35:28  Refinery  
  73  35:34  SCV  
  74  35:46  SCV  
  75  35:51  Missile Turret  
  75  35:58  SCV  
  76  36:10  SCV  
  77  36:13  Factory  
  77  36:16  Refinery  
  77  36:22  Missile Turret  
  22  38:00  Marine  
  7  38:18  Barracks  
  6  38:40  SCV  
  7  38:52  SCV  
  8  39:04  SCV  
  9  39:10  Marine  
  9  39:17  SCV  
  11  39:18  Barracks  
  11  39:27  Marine  
  11  39:29  SCV  
  13  39:45  Marine  
  2  40:24  Command Center  
Show
View Real Time Build Order
Export as new Build Order

angielito Terran 

Build Orders: Gas First Reaper Expand 

Get SALT Encoding   

  12  0:09  SCV  
  13  0:20  Refinery  
  13  0:37  Refinery  
  13  1:01  Supply Depot  
  13  1:14  SCV  
  14  1:24  Supply Depot  
  14  1:50  Barracks  
  14  2:10  Engineering Bay  
  14  2:42  Supply Depot  
  14  2:54  Reaper  
  15  3:26  Marine  
  16  3:44  Marine  
  17  4:02  Marine  
  18  5:55  Barracks Reactor  
  18  6:11  Marine  
  19  6:27  Orbital Command  
  19  6:29  Marine  
  20  6:47  Marine  
  21  7:05  Reaper  
  12  7:32  SCV  
  2  8:59  Refinery  
  2  9:29  Command Center  
  2  10:43  Barracks  
  2  11:08  SCV  
  3  11:20  SCV  
  4  11:30  Supply Depot  
  4  11:32  SCV  
  5  11:44  SCV  
  6  11:54  Factory  
  6  11:56  SCV  
  6  11:57  Marine  
  8  12:08  SCV  
  9  12:15  Marine  
  9  12:20  SCV  
  11  12:32  SCV  
  11  12:33  Marine  
  13  12:44  SCV  
  13  12:51  Marine  
Show
View Real Time Build Order
Export as new Build Order

Angelarion Terran 

Build Orders:  

Get SALT Encoding   

Show
View Real Time Build Order
Export as new Build Order

IA (Difícil) Protoss 

Build Orders:  

Get SALT Encoding   

  12  0:01  Probe  
  13  0:13  Probe  
  14  0:19  Pylon  
  14  0:25  Probe  
  15  0:33  Probe  
  15  0:41  Probe  
  16  0:46  Assimilator  
  16  0:49  Gateway  
  17  0:51  Probe  
  18  0:59  Probe  
  18  1:00  Pylon  
  19  1:19  Probe  
  20  1:38  Zealot  
  22  1:41  Cybernetics Core  
  22  1:44  Gateway  
  22  1:45  Assimilator  
  22  1:58  Zealot  
  22  1:59  Pylon  
  24  2:21  Warp Gate  
  24  2:22  Stalker  
  26  2:33  Zealot  
  28  2:38  Pylon  
  28  2:52  Zealot  
  28  2:55  Zealot  
  32  3:19  Stalker  
  34  3:24  Adept  
  36  3:29  Probe  
  36  3:31  Pylon  
  37  3:41  Probe  
  38  3:49  Adept, Forge  
  38  3:53  Probe, Zealot  
  43  4:05  Probe  
  44  4:14  Pylon  
  44  4:17  Probe  
  45  4:27  Stalker  
  45  4:29  Probe  
  48  4:39  Stalker  
  50  6:13  Probe  
  50  6:16  Sentry, Protoss Ground Weapons Level 1  
  52  6:19  Gateway  
  52  6:21  Robotics Facility, Probe  
  52  6:24  Photon Cannon  
  53  6:26  Sentry  
  53  6:27  Pylon  
  53  6:28  Stargate  
  53  6:29  Probe  
  53  6:30  Twilight Council  
  55  6:34  Forge  
  55  6:39  Sentry, Photon Cannon  
  58  6:49  Sentry  
  60  6:56  Protoss Ground Armor Level 1  
  60  7:07  Observer  
  61  7:22  Observer  
  62  7:55  Stalker  
  52  8:05  Adept  
  50  8:15  Stalker  
  50  8:25  Stalker  
  50  8:35  Zealot, Observer  
  52  8:45  Stalker  
  52  8:48  Probe  
  54  8:55  Zealot  
  56  9:05  Zealot  
  56  9:06  Stalker x2  
  58  9:15  Stalker x2  
  57  9:17  Stalker x2, Probe  
  58  9:27  Adept  
  58  9:39  Zealot  
  52  9:49  Sentry  
  48  10:00  Adept  
  48  10:10  Zealot  
  50  10:20  Zealot  
  52  10:30  Stalker  
  54  10:40  Stalker x2, Zealot  
  56  10:43  Warp Prism  
  56  10:46  Gateway  
  56  10:49  Robotics Facility  
  58  10:50  Sentry  
  58  10:52  Stargate  
  58  10:54  Pylon  
  60  11:03  Robotics Bay  
  58  11:12  Stalker  
  58  11:19  Pylon, Warp Prism  
  58  11:22  Stalker  
  61  11:33  Stalker  
  61  11:34  Probe  
  61  11:35  Warp Prism  
  60  11:43  Stalker  
  60  11:45  Pylon  
  58  11:55  Observer  
  58  11:56  Zealot  
  59  12:09  Disruptor  
  62  12:16  Observer  
  63  12:37  Immortal  
  63  12:38  Observer  
  68  12:55  Fleet Beacon  
  68  12:59  Immortal  
  72  13:14  Disruptor  
  75  13:39  Carrier  
  81  13:48  Blink  
  81  14:04  Protoss Ground Weapons Level 2  
  81  14:36  Protoss Ground Armor Level 2  
  81  15:12  Stargate  
  81  15:29  Void Ray  
  73  16:11  Stargate  
  73  16:24  Phoenix  
  71  16:46  Probe  
  49  16:58  Probe  
  49  17:00  Immortal  
  44  17:13  Photon Cannon  
  40  17:22  Stalker  
  40  17:26  Zealot  
  39  17:30  Stalker  
  38  17:39  Photon Cannon  
  30  18:06  Zealot  
  29  18:47  Photon Cannon  
  29  19:00  Pylon  
  29  19:13  Pylon  
Show
View Real Time Build Order
Export as new Build Order

IA (Difícil) Protoss 

Build Orders:  

Get SALT Encoding   

  12  0:01  Probe  
  13  0:13  Probe  
  14  0:21  Pylon  
  14  0:25  Probe  
  15  0:35  Probe  
  16  0:43  Probe  
  16  0:48  Assimilator  
  17  0:52  Gateway  
  17  0:53  Probe  
  18  1:01  Probe  
  18  1:02  Pylon  
  19  1:23  Probe  
  20  1:40  Zealot  
  20  1:43  Cybernetics Core  
  20  1:46  Gateway  
  22  1:50  Assimilator  
  22  2:06  Pylon  
  22  2:16  Adept  
  24  2:27  Warp Gate  
  24  2:33  Zealot  
  26  2:44  Stalker  
  26  2:50  Pylon  
  28  3:00  Stalker  
  30  3:07  Stalker  
  32  3:20  Probe  
  32  3:25  Pylon  
  33  3:30  Stalker  
  33  3:32  Probe  
  36  3:41  Adept  
  38  3:45  Probe  
  39  3:54  Forge  
  39  3:57  Probe  
  39  4:00  Stalker  
  42  4:06  Probe  
  43  4:14  Probe  
  43  4:19  Stalker  
  46  5:56  Protoss Ground Weapons Level 1  
  46  6:06  Sentry  
  46  6:07  Probe  
  46  6:08  Gateway  
  46  6:10  Twilight Council  
  49  6:14  Pylon  
  49  6:16  Adept  
  49  6:17  Photon Cannon  
  51  6:19  Probe  
  51  6:20  Photon Cannon  
  51  6:23  Robotics Facility  
  51  6:25  Adept  
  54  6:26  Forge  
  54  6:29  Stargate  
  54  6:34  Blink  
  54  6:36  Sentry  
  54  6:37  Pylon  
  56  6:58  Protoss Ground Armor Level 1  
  56  7:03  Probe  
  56  7:12  Observer  
  57  7:33  Observer  
  58  9:21  Probe  
  58  9:40  Stalker  
  52  9:50  Zealot  
  48  9:59  Stalker  
  46  10:02  Observer  
  43  10:08  Zealot  
  45  10:15  Warp Prism  
  45  10:17  Adept  
  45  10:20  Gateway  
  47  10:23  Robotics Facility  
  47  10:24  Adept  
  51  10:30  Stalker, Stargate  
  51  10:34  Pylon  
  53  10:37  Void Ray  
  57  10:43  Zealot  
  57  10:48  Protoss Ground Weapons Level 2  
  57  10:49  Observer  
  59  10:50  Stalker  
  59  10:56  Stalker, Pylon  
  64  11:03  Stalker  
  66  11:10  Warp Prism  
  66  11:11  Observer  
  67  11:13  Zealot  
  59  11:19  Void Ray  
  59  11:22  Pylon, Warp Prism  
  59  11:26  Sentry  
  59  11:32  Stalker  
  65  11:39  Stalker  
  67  11:45  Stalker  
  69  11:52  Stalker  
  71  11:58  Sentry  
  73  12:05  Zealot  
  75  12:11  Stalker, Protoss Ground Armor Level 2  
  77  12:28  Observer  
  77  13:01  Protoss Shields Level 1  
  77  13:56  Robotics Bay  
  77  14:25  Adept  
  79  14:33  Immortal  
  79  14:35  Adept  
  79  14:36  Pylon  
  85  14:38  Adept  
  85  14:41  Adept  
  85  14:44  Gravitic Boosters  
  85  14:45  Immortal  
  93  14:47  Adept  
  89  14:56  Zealot  
  89  14:59  Zealot  
  87  15:02  Adept, Pylon  
  89  15:08  Zealot  
  91  15:16  Sentry  
  93  15:21  Sentry  
  95  15:53  Protoss Shields Level 2  
  95  16:15  Gravitic Drive  
  94  16:33  Probe  
  95  16:45  Protoss Air Weapons Level 1  
  95  17:10  Stargate  
  93  17:26  Phoenix  
  95  17:32  Void Ray  
  95  17:45  Void Ray  
  95  17:57  Stargate  
  93  18:42  Fleet Beacon  
  93  18:51  Pylon  
  93  19:17  Carrier  
  99  19:38  Void Ray  
  99  19:42  Void Ray  
  103  20:12  Void Ray  
  107  20:17  Pylon  
  99  20:30  Zealot  
  99  20:33  Zealot  
  103  20:37  Zealot  
  103  20:41  Zealot  
  107  20:44  Immortal  
  111  21:03  Protoss Air Armor Level 1  
  111  21:13  Observer  
  105  21:23  Zealot  
  87  21:28  Stalker  
  87  21:32  Stalker  
  63  21:45  Observer  
  58  22:03  Sentry  
  58  22:07  Adept  
  62  22:22  Observer  
  63  22:31  Stalker  
  65  22:40  Stalker  
  67  22:49  Stalker  
  69  23:08  Sentry  
  69  23:12  Adept  
  73  23:31  Immortal  
  77  23:46  Immortal  
  81  24:25  Observer  
  81  24:29  Protoss Ground Weapons Level 3  
  79  24:49  Stalker  
  79  24:55  Zealot  
  79  24:59  Zealot  
  65  25:02  Zealot  
  53  25:12  Adept  
  55  25:15  Zealot  
  55  25:19  Zealot  
  59  25:22  Sentry  
  61  25:32  Stalker  
  63  25:35  Stalker  
  64  25:44  Observer  
  65  25:53  Stalker  
  67  26:02  Stalker  
  69  26:30  Disruptor  
  72  26:56  Probe  
  72  26:57  Disruptor  
  73  27:14  Observer  
  68  27:20  Zealot  
  59  27:25  Zealot  
  61  27:33  Observer  
  52  27:44  Sentry  
  54  28:07  Tempest  
  59  28:30  Observer  
  59  28:44  Observer  
  60  28:52  Stalker  
  62  29:02  Stalker  
  64  29:11  Stalker  
  66  29:29  Sentry  
  55  29:52  Stalker  
  55  29:57  Stalker  
  51  30:00  Probe  
  51  30:01  Stalker  
  41  30:07  Zealot  
  41  30:12  Probe  
  41  30:13  Zealot  
  42  30:21  Zealot  
  44  30:24  Probe  
  44  30:26  Zealot  
  32  30:32  Zealot  
  32  30:34  Probe  
  29  30:38  Zealot  
  29  30:42  Probe  
  32  30:45  Pylon  
  32  30:47  Zealot  
  32  30:48  Pylon  
  35  30:51  Forge, Probe  
  35  30:53  Zealot  
  35  30:54  Gateway  
  35  30:56  Forge  
  32  30:58  Zealot  
  32  30:59  Cybernetics Core  
  24  31:10  Pylon  
  13  31:13  Zealot  
  5  31:38  Pylon  
  5  31:44  Pylon  
  5  31:46  Twilight Council  
  5  31:47  Robotics Facility  
Tags
 
Add a new tag
Caveats
  • Supply blocks, unpowered buildings, or Contaminate may cause inaccurate times.
  • Supply counts are checked every 10 seconds.